 Dungeon Crawl Stone Soup version 0.24.0-125-gc4c63601f3 (webtiles) character file.

Game seed: 17259699576623646102, levelgen mode: deterministic

19 Johnny the Digger (level 2, -1/20 HPs)
             Began as a Demigod Earth Elementalist on Mar 1, 2020.
             Slain by a giant cockroach (2 damage)
             ... on level 1 of the Dungeon.
             The game lasted 00:01:24 (785 turns).

Johnny the Digger (Demigod Earth Elementalist)       Turns: 785, Time: 00:01:24

Health: -1/20      AC:  2    Str: 11    XL:     2   Next: 39%
Magic:  6/7        EV: 12    Int: 19    God:
Gold:   46         SH:  0    Dex: 16    Spells: 4/5 levels left

rFire    . . .     SeeInvis .   (no weapon)
rCold    . . .     Gourm    .   (no shield)
rNeg     . . .     Faith    .   c - +0 robe
rPois    .         Spirit   .   (no helmet)
rElec    .         Reflect  .   (no cloak)
rCorr    .         Harm     .   (no gloves)
MR       .....                  (no boots)
Stlth    ++........             (no amulet)
HPRegen  0.06/turn              (no ring)
MPRegen  0.10/turn              (no ring)

@: no status effects
A: high mp 1
a: no special abilities


You were on level 1 of the Dungeon.
You were not hungry.

You visited 1 branch of the dungeon, and saw 1 of its levels.

You collected 46 gold pieces.

Inventory:

Missiles
 b - a stone (quivered)
Armour
 c - a +0 robe (worn)
Jewellery
 g - an uncursed ring of fire
 h - an uncursed amulet of regeneration {unknown}
Scrolls
 a - a scroll of identify {unknown}
 f - a scroll of immolation {unknown}
 i - a scroll of teleportation {unknown}
Potions
 e - a potion of haste {unknown}
Comestibles
 d - 2 rations


   Skills:
 - Level 1.7 Dodging
 - Level 1.7 Stealth
 + Level 2.3 Spellcasting
   Level 0.8 Transmutations
 + Level 3.1 Earth Magic


You had 4 spell levels left.
You knew the following spells:

 Your Spells              Type           Power        Failure   Level  Hunger
a - Sandblast             Erth           ##....       4%          1    #......

Your spell library contained the following spells:

 Spells                   Type           Power        Failure   Level  Hunger
 Passwall                 Tmut/Erth      #.......     11%         2    ##.....
 Stone Arrow              Conj/Erth      #.....       26%         3    ###....
 Petrify                  Tmut/Erth      #.......     56%         4    #####..
 Lee's Rapid Deconstruct  Erth           ##........   77%         5    ######.


Dungeon Overview and Level Annotations

Branches:
Dungeon (1/15)


Innate Abilities, Weirdness & Mutations

You have an increased reservoir of magic. (+10% MP)


Message History

The giant cockroach misses you.
You see here a stone.
b - a stone The giant cockroach bites you.
* * * LOW HITPOINT WARNING * * *
You see here a stone.
b - 2 stones (gained 1)
The giant cockroach bites you.
* * * LOW HITPOINT WARNING * * *
The giant cockroach misses you.
Casting: Sandblast (safe; 4% risk of failure)
Confirm with . or Enter, or press ? or * to list all spells.
Aiming: Sandblast (safe; 4% risk of failure)
Press: ? - help, Shift-Dir - straight line, f/p - giant cockroach
Aim: a giant cockroach (clinging)
The blast of sand hits the giant cockroach.
The giant cockroach is moderately wounded.
b - a stone The giant cockroach bites you.
You die...

#.# #..(.......#.# # ########.#
#...###.##.#g###
#........########........#......
#.#########.K.K....####......g.(
##.# #.#####..#####.#g##### ...#
######...........##.#.# # ####
#........#.##..##.##.#.# #
#.g......#.##...%......## #
#..#.......@sgg..........# # #.
#.#...####..#########.# #
#..(........# .# ......###......
# #.##.#.# #.......# # .....
#.......# .##g## #.......# .
#>..!...# #.......#


You could see a giant cockroach and 2 goblins.

Vanquished Creatures
  3 dart slugs (D:1)
  A giant cockroach (D:1)
  A goblin (D:1)
  3 hobgoblins (D:1)
  A ball python (D:1)
  2 bats (D:1)
  A frilled lizard (D:1)
  A rat (D:1)
13 creatures vanquished.

Notes
Turn   | Place    | Note
-------+----------+-------------------------------------------
     0 | D:1      | Johnny the Demigod Earth Elementalist began the quest for
                  | the Orb.
     0 | D:1      | Reached XP level 1. HP: 14/14 MP: 5/5
     2 | D:1      | Noticed a naga
     2 | D:1      | Noticed an ogre
     4 | D:1      | Noticed a felid
     6 | D:1      | Noticed a demonspawn
     8 | D:1      | Noticed a vampire
     8 | D:1      | Noticed a spriggan
    10 | D:1      | Noticed a tengu
    10 | D:1      | Noticed a demigod
    12 | D:1      | Noticed an octopode
    12 | D:1      | Noticed an elf
    14 | D:1      | Noticed a minotaur
    14 | D:1      | Noticed a vine stalker
    16 | D:1      | Noticed a ghoul
    18 | D:1      | Noticed a centaur
    18 | D:1      | Noticed a draconian
    20 | D:1      | Noticed a halfling
    20 | D:1      | Noticed a formicid
    22 | D:1      | Noticed a dwarf
    24 | D:1      | Noticed a gargoyle
    24 | D:1      | Noticed a troll
    26 | D:1      | Noticed a human
    26 | D:1      | Noticed a merfolk
   262 | D:1      | Reached skill level 3 in Earth Magic
   654 | D:1      | Reached XP level 2. HP: 13/20 MP: 5/7
   783 | D:1      | HP: 1/20 [giant cockroach (2)]
   785 | D:1      | Slain by a giant cockroach

Levels and vault maps discovered:
D:1:      kb_arrival_jail, layout_loops_cross, grunt_decor_mini_mirrors,
          chequers_serial_rivers_room_b

Skill      XL: |  1 |
---------------+----+-----
Spellcasting   | 2 |  2.3
Earth Magic    | 3 |  3.1
Dodging        | |  1.7
Stealth        | |  1.7
Transmutations | |  0.8

Action                   || total
-------------------------++-------
Melee: Unarmed           ||    24
 Cast: Sandblast         ||    31
 Stab: Sleeping          ||     1
Armor: Robe              ||    18
Dodge: Dodged            ||    36
